 Dungeon Crawl Stone Soup version 0.21.0-25-ge575cb9 (webtiles) character file.

56 Plasmagod the Cutter (level 3, -1/19 HPs)
             Began as a Vine Stalker Fighter on Jan 24, 2018.
             Slain by a gnoll
             ... wielding a cursed -3 flail
              (3 damage)
             ... on level 1 of the Dungeon.
             The game lasted 00:05:04 (1059 turns).

Plasmagod the Cutter (Vine Stalker Fighter)         Turns: 1059, Time: 00:05:06

Health: -1/19      AC:  4    Str: 18    XL:     3   Next: 95%
Magic:  0/4        EV:  8    Int:  8    God:
Gold:   30         SH:  9    Dex: 14    Spells: 2/2 levels left

rFire    . . .     SeeInvis .   a - +0 rapier
rCold    . . .     Gourm    .   c - +0 shield
rNeg     . . .     Faith    .   k - +0 leather armour (curse)
rPois    .         Spirit   +   (no helmet)
rElec    .         Reflect  .   (no cloak)
rCorr    .         Harm     .   j - +0 pair of gloves
MR       .....     Rnd*Tele +   (no boots)
Stlth    +.........             e - amulet of magic regeneration
HPRegen  0.06/turn              h - ring of teleportation (curse)
MPRegen  0.34/turn              (no ring)

@: no status effects
A: fangs 2, magic shield, antimagic bite, no potion heal 3, rot immunity
a: no special abilities


You were on level 1 of the Dungeon.
You were hungry.

You visited 1 branch of the dungeon, and saw 2 of its levels.

You collected 30 gold pieces.

Inventory:

Hand Weapons
 a - a +0 rapier (weapon)
Armour
 b - a +0 scale mail
 c - a +0 shield (worn)
 j - a +0 pair of gloves (worn)
 k - a cursed +0 leather armour (worn)
Jewellery
 e - an amulet of magic regeneration (around neck)
 h - a cursed ring of teleportation (left hand)
Scrolls
 i - a scroll of identify
Potions
 d - a potion of might
Comestibles
 f - 3 rations
 g - 3 chunks of flesh


   Skills:
 - Level 2.9 Fighting
 + Level 3.2 Short Blades
 - Level 2.6 Armour
 - Level 2.8 Shields


You had 2 spell levels left.
You didn't know any spells.

Dungeon Overview and Level Annotations

Branches:
Dungeon (2/15)

Altars:
Okawaru


Innate Abilities, Weirdness & Mutations

You have extremely sharp teeth.
When hurt, damage is shared between your health and your magic reserves.
Your bite disrupts and absorbs the magic of your enemies.
Potions cannot restore your health.
You are immune to rotting.


Message History

The bat hits you but does no damage. You block the bat's attack.
You block the bat's attack. The bat barely misses you.
There is a stone staircase leading up here.
You block the bat's attack. x2; The gnoll barely misses you.
You climb upwards.
There is a stone staircase leading down here.
Your shield prevents you from hitting the gnoll.
The gnoll barely misses you.
Your shield prevents you from hitting the gnoll.
You bite the gnoll, but do no damage. The gnoll closely misses you.
You hit the gnoll. You bite the gnoll, but do no damage.
The gnoll is lightly wounded.
The gnoll hits you with a flail.
* * * LOW HITPOINT WARNING * * *
You barely miss the gnoll. Your bite misses the gnoll.
The gnoll is lightly wounded.
The gnoll hits you with a flail.
You die...

..#.#.########...........§§≈≈§§§≈
....#.# #...........≈§§≈§§≈§
......# ########.#......§§≈§§§§
##..#### #......#.##..##.......§
.......# #............#.........
.......# #............##########
.......# #####........#
###..##########........#
...............g@......#
###.#.#.####.##........#
#.......####...........#
#...#.............≈.≈..#
#...##.#####......≈⌠≈..#
#...##..# #.......≈...#
#...##..## #...........#
#...##...###...........####
..........................#


You could see a gnoll.

Vanquished Creatures
  A gnoll (D:2)
  An adder (D:2)
  A worm (D:2)
  A ball python (D:2)
  A giant cockroach (D:1)
  8 goblins
  3 hobgoblins
  4 jackals (D:1)
  5 bats
  A frilled lizard (D:1)
  2 kobolds
  6 rats
34 creatures vanquished.

Notes
Turn   | Place    | Note
-------+----------+-------------------------------------------
     0 | D:1      | Plasmagod the Vine Stalker Fighter began the quest for the Orb.
     0 | D:1      | Reached XP level 1. HP: 11/11 MP: 2/2
   113 | D:1      | Reached XP level 2. HP: 13/16 MP: 3/3
   125 | D:1      | Reached skill level 2 in Short Blades
   622 | D:1      | Reached XP level 3. HP: 19/19 MP: 4/4
   860 | D:2      | Found an iron altar of Okawaru.
   970 | D:2      | Reached skill level 3 in Short Blades
  1059 | D:1      | Slain by a gnoll

Skill      XL: |  1  2  3 |
---------------+----------+-----
Short Blades   | 2 3 |  3.2
Fighting       | |  2.9
Armour         | |  2.6
Shields        | |  2.8

Action                   || total
-------------------------++-------
Melee: Rapier            ||   108
       Bite              ||    25
  Use: Scroll            ||     2
Armor: Scale mail        ||    21
       Leather armour    ||    12
Dodge: Dodged            ||    33
Block: Shield            ||    53
